 Dungeon Crawl Stone Soup version 0.29.1-15-g9cfb28693d (webtiles) character file.

Game seed: 17825164765187016038

112 growler the Insei (level 4, -1/35 HPs)
             Began as a Draconian Transmuter on Feb 21, 2023.
             Slain by Edmund
             ... wielding a +1 vorpal flail
              (7 damage)
             ... on level 4 of the Dungeon.
             The game lasted 00:05:33 (3543 turns).

growler the Insei (Draconian Transmuter)            Turns: 3543, Time: 00:05:33

Health: -1/35      AC:  2    Str: 12    XL:     4   Next: 63%
Magic:  6/8        EV: 19    Int: 15    God:
Gold:   159        SH:  0    Dex: 17    Spells: 2/8 levels left

rFire   . . .      SeeInvis .     - Unarmed
rCold   . . .      Faith    .   (shield currently unavailable)
rNeg    . . .      Spirit   .   (body armour unavailable)
rPois   x          Reflect  .   (helmet currently unavailable)
rElec   .          Harm     .   (cloak currently unavailable)
rCorr   .          Rampage  .   (gloves currently unavailable)
Will    .....                   (boots currently unavailable)
Stlth   ++........              (no amulet)
HPRegen 0.11/turn               (no ring)
MPRegen 0.11/turn               (no ring)

@: spider-form (expiring)
A: venomous fangs, AC +5, tiny, unfitting armour, (cold-blooded)
a: End Transformation


You were on level 4 of the Dungeon.
You were a venomous arachnid creature.
You visited 1 branch of the dungeon, and saw 4 of its levels.

You collected 159 gold pieces.

Inventory:

Jewellery
 o - a ring of wizardry
 r - an amulet of guardian spirit
Wands
 q - a wand of charming (2)
Scrolls
 b - a scroll of immolation {unknown}
 c - a scroll of fear
 e - a scroll of noise {unknown}
 f - a scroll of enchant weapon
 i - a scroll of identify {unknown}
 k - 2 scrolls of teleportation
 m - a scroll of summoning {unknown}
 p - a scroll of torment {unknown}
Potions
 a - a potion of lignification
 d - 2 potions of flight {unknown}
 g - a potion of attraction {unknown}
 h - a potion of heal wounds {unknown}
 j - 2 potions of mutation {unknown}
 l - 2 potions of ambrosia {unknown}
 n - 2 potions of curing


   Skills:
 - Level 1.1 Fighting
 - Level 1.7 Dodging
 + Level 4.2 Unarmed Combat
 + Level 2.9 Spellcasting
 + Level 3.0 Transmutations


You had 2 spell levels left.
You knew the following spells:

 Your Spells              Type           Power      Damage    Failure   Level
a - Beastly Appendage     Tmut           22%        N/A       17%         1
b - Wereblood             Tmut           11%        N/A       22%         2
c - Spider Form           Tmut/Pois      6%         N/A       54%         3

Your spell library contained the following spells:

 Spells                   Type           Power      Damage    Failure   Level
 Sting                    Tmut/Pois      24%        1d4       26%         1
 Poisonous Vapours        Pois/Air       4%         N/A       52%         2
 Ice Form                 Ice/Tmut       6%         N/A       87%         4
 Olgreb's Toxic Radiance  Pois           2%         N/A       97%         4


Dungeon Overview and Level Annotations

Branches:
Dungeon (4/15)
 Temple: D:4-7

Altars:
Cheibriados

Annotations:
D:4 Edmund


Innate Abilities, Weirdness & Mutations

You are a venomous arachnid creature.
You have poisonous fangs.
You are tiny and dextrous.
Your spellcasting is less reliable in this form.
Your armour is entirely melded.
You are incapable of wielding weapons or throwing items.
((Your plain brown scales are hard. (AC +5)))
You cannot fit into any form of body armour.
((You are cold-blooded and may be slowed by cold attacks.))


Message History

Confirm with . or Enter, or press ? or * to list all spells.
The spell is quite dangerous to miscast (32% risk of failure)!
Continue anyway?
You turn into a venomous arachnid creature.
You climb downwards.
Level annotation: Edmund Edmund hits you with a +1 vorpal flail.
Edmund closely misses you.
There is a stone staircase leading up here.
You hit Edmund but do no damage. Edmund barely misses you.
You hit Edmund.
Edmund is poisoned.
Edmund is lightly wounded.
Edmund barely misses you.
You hit Edmund but do no damage.
Edmund is lightly wounded.
Edmund misses you.
You hit Edmund but do no damage.
Edmund looks as sick as possible!
Edmund is moderately wounded.
Edmund hits you with a +1 vorpal flail.
You hit Edmund.
Edmund looks as sick as possible!
Edmund is moderately wounded.
You hit Edmund but do no damage.
Edmund looks as sick as possible!
Edmund is heavily wounded.
Edmund barely misses you.
You barely miss Edmund.
Edmund is heavily wounded.
Edmund barely misses you.
You hit Edmund.
Edmund looks as sick as possible!
Edmund is severely wounded.
Your transformation is almost over.
Edmund drinks a potion.
Edmund is healed!
Edmund looks more healthy.
You hit Edmund.
Edmund is poisoned.
Edmund is heavily wounded.
Edmund completely misses you.
You completely miss Edmund.
Edmund is heavily wounded.
Edmund hits you with a +1 vorpal flail!
* * * LOW HITPOINT WARNING * * *
x2 You hit Edmund.
Edmund looks as sick as possible!
Edmund is heavily wounded.
Edmund hits you with a +1 vorpal flail!
You die...

#..........#
##........##
##........##
#>.........#
#..........#
#..........#
#..........#
#......@...#
##.....s..##
##......##
########


You could see Edmund (extremely poisoned).

Vanquished Creatures
  An orc priest (D:4)
  A worm (D:2)
  3 dart slugs
  8 orcs (D:3)
  6 ball pythons
  5 bats
  4 endoplasms
  4 goblins
  8 hobgoblins
  2 jackals (D:1)
  6 kobolds
  4 quokkas
  3 frilled lizards
  2 rats (D:1)
57 creatures vanquished.

Vanquished Creatures (others)
  8 plants (D:4)
8 creatures vanquished.

Grand Total: 65 creatures vanquished

Notes
Turn   | Place    | Note
-------+----------+-------------------------------------------
     0 | D:1      | growler the Draconian Transmuter began the quest for the
                  | Orb.
     0 | D:1      | Reached XP level 1. HP: 16/16 MP: 3/3
   336 | D:1      | Reached XP level 2. HP: 20/23 MP: 5/5
   914 | D:1      | Found a faded altar of an unknown god.
  1319 | D:2      | Reached XP level 3. HP: 22/28 MP: 6/6
  1322 | D:2      | Learned a level 2 spell: Wereblood
  1326 | D:2      | Learned a level 3 spell: Spider Form
  1952 | D:2      | Found a snail-covered altar of Cheibriados.
  2278 | D:3      | Reached skill level 4 in Unarmed Combat
  2767 | D:3      | Reached XP level 4. HP: 35/35 MP: 7/7
  3502 | D:4      | Noticed Edmund
  3543 | D:4      | Slain by Edmund

Illustrated notes

Levels and vault maps discovered:
D:1:      dpeg_arrival_pits, layout_basic, serial_bayou, serial_bayou_pond_d,
          serial_bayou_crossing, serial_bayou_ford_a, serial_bayou_pond_a,
          basic_ecumenical_altar, minmay_misc_feat_tower
D:2:      layout_loops_corners, basic_altar
D:3:      layout_basic, minmay_misc_feat_iff, chequers_serial_rivers_micro_a
D:4:      layout_rooms, minmay_misc_feat_secret_circle, serial_bayou_lagoon_a,
          kennysheep_generic_room_16, uniq_edmund

Skill      XL: |  1  2  3  4 |
---------------+-------------+-----
Unarmed Combat | 4 |  4.2
Transmutations | 3 |  3.0
Fighting       | |  1.1
Dodging        | |  1.7
Spellcasting   | |  2.9

Action                   |  1- 3 |  4- 6 || total
-------------------------+-------+-------++-------
Melee: Unarmed           |   167 |    33 ||   200
       Tailslap          |    21 |     1 ||    22
       Punch             |     3 |       ||     3
       Headbutt          |       |     2 ||     2
       Kick              |       |     1 ||     1
 Cast: Spider Form       |       |     2 ||     2
       Beastly Appendage |       |     2 ||     2
  Use: Scroll            |       |     3 ||     3
 Stab: Sleeping          |     1 |       ||     1
Armor: Skin              |    38 |     5 ||    43
Dodge: Dodged            |    94 |    30 ||   124
